PL
DETROIT RENAISSANCE @ BOSTON PATRIOTS
08/28/2027
 
TOP OF THE 1ST
Detroit Renaissance batting - Pitching for Boston Patriots : RHP John Kaufman
Pitching: RHP John Kaufman
Batting: RHB Kyle Bywaters 0-0: Ground out 4-3 (Groundball, 4)
Batting: LHB Eric Thackston Error on foul ball, E3
0-1: Ball
1-1: Ball
2-1: Ball
3-1: Foul Ball, location: 2F
3-2: SINGLE (Groundball, 34D)
Batting: LHB Ray Sears 0-0: Foul Ball, location: 2F
0-1: Ball
1-1: Ball
2-1: SINGLE (Groundball, 3D)
Eric Thackston to second
Runner from 2nd tries for 3rd, SAFE, throw made to third
Ray Sears to second
Batting: LHB Juan González 0-0: Ball
1-0: Ball
2-0: SINGLE (Line Drive, 8RS)
Eric Thackston scores
Ray Sears to third
Batting: LHB Gustavo Cortéz 0-0: Called Strike
0-1: Called Strike
0-2: Ball
1-2: Grounds into double play, 6-4-3 (Groundball, 6)
Top of the 1st over - 1 run(s), 3 hit(s), 1 error(s), 1 left on base; Detroit 1 - Boston 0
BOTTOM OF THE 1ST
Boston Patriots batting - Pitching for Detroit Renaissance : RHP Domingo Ramírez
Pitching: RHP Domingo Ramírez
Batting: LHB Alberto Enríquez 0-0: Called Strike
0-1: Ball
1-1: Swinging Strike
1-2: Ground out 4-3 (Groundball, 4)
Batting: LHB Ramón Félix 0-0: Ball
1-0: Ground out U3 (Groundball, 34)
Batting: RHB Joseph Papasogli 0-0: Ball
1-0: Swinging Strike
1-1: Fly out, F4 (Line Drive, 4)
Bottom of the 1st over - 0 run(s), 0 hit(s), 0 error(s), 0 left on base; Detroit 1 - Boston 0
TOP OF THE 2ND
Detroit Renaissance batting - Pitching for Boston Patriots : RHP John Kaufman
Batting: LHB Yoichibei Sato 0-0: Called Strike
0-1: Ball
1-1: Ball
2-1: Bunt for hit - play at first, batter safe!
Batting: RHB Ed Whitaker 0-0: Called Strike
0-1: Ball
1-1: Ball
2-1: Ball
Yoichibei Sato steals 2nd base
3-1: Foul Ball, location: 2F
3-2: Fly out, F6 (Popup, 4MD)
Batting: LHB Greg Robinson 0-0: Ball
1-0: Ball
2-0: Called Strike
2-1: Foul Ball, location: 2F
2-2: Fly out, F8 (Line Drive, 8LD)
Runner from 2nd tags up, SAFE at 3rd, no throw
Batting: SHB Valentín Guzmán 0-0: Ground out 3-1 (Groundball, 34S)
Top of the 2nd over - 0 run(s), 1 hit(s), 0 error(s), 1 left on base; Detroit 1 - Boston 0
BOTTOM OF THE 2ND
Boston Patriots batting - Pitching for Detroit Renaissance : RHP Domingo Ramírez
Batting: RHB Tommy Jones 0-0: Foul Ball, location: 2F
0-1: Ball
1-1: Foul Ball, location: 2F
1-2: Ground out 6-3 (Groundball, 6)
Batting: RHB Tamasaburo Kato 0-0: Foul Ball, location: 2F
0-1: Foul Ball, location: 2F
0-2: Fly out, F9 (Flyball, 9)
Batting: LHB Bill Chambers 0-0: Ball
1-0: Ground out 4-3 (Groundball, 4)
Bottom of the 2nd over - 0 run(s), 0 hit(s), 0 error(s), 0 left on base; Detroit 1 - Boston 0
TOP OF THE 3RD
Detroit Renaissance batting - Pitching for Boston Patriots : RHP John Kaufman
Batting: RHB Kyle Bywaters 0-0: Ball
1-0: Reached on error, E3 (Groundball, 34)
Batting: LHB Eric Thackston 0-0: Foul Ball, location: 2F
0-1: Called Strike
0-2: Strikes out swinging
Batting: LHB Ray Sears 0-0: Called Strike
0-1: Called Strike
Kyle Bywaters is caught stealing 3rd base
0-2: SINGLE (Line Drive, 8RS)
Batting: LHB Juan González 0-0: Ball
1-0: Ball
2-0: Called Strike
2-1: Swinging Strike
2-2: Foul Ball, location: 2F
2-2: Foul Ball, location: 2F
2-2: Strikes out swinging
Top of the 3rd over - 0 run(s), 1 hit(s), 1 error(s), 1 left on base; Detroit 1 - Boston 0
BOTTOM OF THE 3RD
Boston Patriots batting - Pitching for Detroit Renaissance : RHP Domingo Ramírez
Batting: SHB Jorge Velázquez 0-0: Ground out 3-1 (Groundball, 34)
Batting: LHB Jorge Alejándrez 0-0: Ball
1-0: Ball
2-0: Ball
3-0: Called Strike
3-1: SOLO HOME RUN (Flyball, 89XD), Distance : 454 ft
Batting: RHB Logan Cole 0-0: Called Strike
0-1: Ball
1-1: Foul Ball, location: 2F
1-2: Ball
2-2: Ball
3-2: Base on Balls
Batting: LHB Alberto Enríquez 0-0: SINGLE (Groundball, 4MD)
Logan Cole to second
Runner from 2nd tries for 3rd, SAFE, throw made to third
Batting: LHB Ramón Félix 0-0: Ball
1-0: SINGLE (Line Drive, 89S)
Logan Cole scores
Alberto Enríquez to second
Batting: RHB Joseph Papasogli 0-0: Fly out, F7 (Flyball, 7LMF)
Batting: RHB Tommy Jones 0-0: Ball
1-0: Ball
2-0: Foul Ball, location: 2F
2-1: Called Strike
2-2: Ball
3-2: Fly out, F2 (Popup, 2R)
Bottom of the 3rd over - 2 run(s), 3 hit(s), 0 error(s), 2 left on base; Detroit 1 - Boston 2
TOP OF THE 4TH
Detroit Renaissance batting - Pitching for Boston Patriots : RHP John Kaufman
Batting: LHB Gustavo Cortéz 0-0: Ball
1-0: Foul Ball, location: 2F
1-1: Ball
2-1: Swinging Strike
2-2: Fly out, F7 (Flyball, 7S)
Batting: LHB Yoichibei Sato 0-0: Ball
1-0: SINGLE (Groundball, 34) (infield hit)
Batting: RHB Ed Whitaker 0-0: Ball
1-0: Ball
Yoichibei Sato steals 2nd base
2-0: Foul Ball, location: 2F
2-1: Foul Ball, location: 2F
2-2: Foul Ball, location: 2F
2-2: Foul Ball, location: 2F
2-2: Fly out, F6 (Line Drive, 6)
Batting: LHB Greg Robinson 0-0: Ball
1-0: Ball
2-0: Ball
3-0: Called Strike
3-1: Fly out, F7 (Flyball, 7LS)
Top of the 4th over - 0 run(s), 1 hit(s), 0 error(s), 1 left on base; Detroit 1 - Boston 2
BOTTOM OF THE 4TH
Boston Patriots batting - Pitching for Detroit Renaissance : RHP Domingo Ramírez
Batting: RHB Tamasaburo Kato 0-0: Ball
1-0: SINGLE (Groundball, 34D)
Batting: LHB Bill Chambers 0-0: Ball
1-0: Grounds into double play, 4-6-3 (Groundball, 34)
Batting: SHB Jorge Velázquez 0-0: Ground out 4-3 (Groundball, 4)
Bottom of the 4th over - 0 run(s), 1 hit(s), 0 error(s), 0 left on base; Detroit 1 - Boston 2
TOP OF THE 5TH
Detroit Renaissance batting - Pitching for Boston Patriots : RHP John Kaufman
Batting: SHB Valentín Guzmán 0-0: Called Strike
0-1: SINGLE (Line Drive, 9S)
Batting: RHB Kyle Bywaters 0-0: Called Strike
0-1: Ball
1-1: Bunted foul
1-2: Fielders Choice at 2nd, 6-4 (Groundball, 6)
Batting: LHB Eric Thackston 0-0: Foul Ball, location: 2F
0-1: Ball
1-1: Foul Ball, location: 2F
1-2: Foul Ball, location: 2F
1-2: Ground out 3-1 (Groundball, 3S)
Kyle Bywaters to second
Batting: LHB Ray Sears 0-0: Called Strike
0-1: Ground out 6-3 (Groundball, 6)
Top of the 5th over - 0 run(s), 1 hit(s), 0 error(s), 1 left on base; Detroit 1 - Boston 2
BOTTOM OF THE 5TH
Boston Patriots batting - Pitching for Detroit Renaissance : RHP Domingo Ramírez
Batting: LHB Jorge Alejándrez 0-0: Called Strike
0-1: Foul Ball, location: 2F
0-2: SINGLE (Line Drive, 4MD)
Batting: RHB Logan Cole 0-0: Called Strike
0-1: SINGLE (Groundball, 56D)
Jorge Alejándrez to second
Batting: LHB Alberto Enríquez 0-0: Called Strike
0-1: Grounds into double play, 6-4-3 (Groundball, 6)
Jorge Alejándrez to third
Batting: LHB Ramón Félix 0-0: Fly out, F8 (Flyball, 8LXD)
Bottom of the 5th over - 0 run(s), 2 hit(s), 0 error(s), 1 left on base; Detroit 1 - Boston 2
TOP OF THE 6TH
Detroit Renaissance batting - Pitching for Boston Patriots : RHP John Kaufman
Batting: LHB Juan González 0-0: Swinging Strike
0-1: Called Strike
0-2: Ball
1-2: Ball
2-2: Strikes out swinging
Batting: LHB Gustavo Cortéz 0-0: Ball
1-0: Ball
2-0: Ball
3-0: Called Strike
3-1: Called Strike
3-2: Fly out, F9 (Flyball, 9D)
Batting: LHB Yoichibei Sato 0-0: Ball
1-0: SINGLE (Line Drive, 9LS)
Batting: RHB Ed Whitaker 0-0: Ball
1-0: Called Strike
Yoichibei Sato steals 2nd base
1-1: Ball
2-1: Ball
3-1: Called Strike
3-2: Ground out 6-3 (Groundball, 6)
Top of the 6th over - 0 run(s), 1 hit(s), 0 error(s), 1 left on base; Detroit 1 - Boston 2
BOTTOM OF THE 6TH
Boston Patriots batting - Pitching for Detroit Renaissance : RHP Domingo Ramírez
Batting: RHB Joseph Papasogli 0-0: Ground out 5-3 (Groundball, 56S)
Batting: RHB Tommy Jones 0-0: Ball
1-0: Foul Ball, location: 2F
1-1: Ball
2-1: Fly out, F2 (Popup, 23)
Batting: RHB Tamasaburo Kato 0-0: Ball
1-0: Foul Ball, location: 2F
1-1: Called Strike
1-2: Ball
2-2: Ball
3-2: Strikes out swinging
Bottom of the 6th over - 0 run(s), 0 hit(s), 0 error(s), 0 left on base; Detroit 1 - Boston 2
TOP OF THE 7TH
Detroit Renaissance batting - Pitching for Boston Patriots : RHP John Kaufman
Batting: LHB Greg Robinson 0-0: Ball
1-0: Called Strike
1-1: Foul Ball, location: 2F
1-2: Strikes out swinging
Batting: SHB Valentín Guzmán 0-0: Ball
1-0: Swinging Strike
1-1: Ball
2-1: Ground out 4-3 (Groundball, 4)
Batting: RHB Kyle Bywaters 0-0: Ground out 5-3 (Groundball, 56S)
Top of the 7th over - 0 run(s), 0 hit(s), 0 error(s), 0 left on base; Detroit 1 - Boston 2
BOTTOM OF THE 7TH
Boston Patriots batting - Pitching for Detroit Renaissance : RHP Domingo Ramírez
Batting: LHB Bill Chambers 0-0: Swinging Strike
0-1: Swinging Strike
0-2: Strikes out looking
Batting: SHB Jorge Velázquez 0-0: Called Strike
0-1: Ball
1-1: Called Strike
1-2: Foul Ball, location: 2F
1-2: Strikes out swinging
Batting: LHB Jorge Alejándrez 0-0: SOLO HOME RUN (Flyball, 9D), Distance : 387 ft
Batting: RHB Logan Cole 0-0: Ball
1-0: Foul Ball, location: 2F
1-1: Called Strike
1-2: Strikes out swinging
Bottom of the 7th over - 1 run(s), 1 hit(s), 0 error(s), 0 left on base; Detroit 1 - Boston 3
TOP OF THE 8TH
Detroit Renaissance batting - Pitching for Boston Patriots : RHP John Kaufman
Pitching: LHP José Sánchez
Batting: LHB Eric Thackston 0-0: Foul Ball, location: 2F
0-1: Ball
1-1: Ground out 4-3 (Groundball, 34D)
Batting: LHB Ray Sears 0-0: Called Strike
0-1: Ball
1-1: Called Strike
1-2: Ball
2-2: Strikes out looking
Batting: LHB Juan González 0-0: Fly out, F4 (Popup, 4D)
Top of the 8th over - 0 run(s), 0 hit(s), 0 error(s), 0 left on base; Detroit 1 - Boston 3
BOTTOM OF THE 8TH
Boston Patriots batting - Pitching for Detroit Renaissance : RHP Domingo Ramírez
Batting: LHB Alberto Enríquez 0-0: Called Strike
0-1: Ball
1-1: Reached on error, E4 (Groundball, 34)
Batting: LHB Ramón Félix 0-0: SINGLE (Line Drive, 78S)
Alberto Enríquez to second
Batting: RHB Joseph Papasogli 0-0: Ball
1-0: Fly out, F4 (Line Drive, 4)
Batting: RHB Tommy Jones 0-0: SINGLE (Line Drive, 8LS)
Alberto Enríquez to third
Ramón Félix to second
Runner from 3rd tries for Home, SAFE, no throw
Batting: RHB Tamasaburo Kato 0-0: Ball
1-0: Ball
2-0: Swinging Strike
2-1: Called Strike
2-2: Ball
3-2: Base on Balls
Ramón Félix to third
Tommy Jones to second
Batting: LHB Bill Chambers 0-0: Called Strike
0-1: Foul Ball, location: 2F
0-2: Fly out, F7 (Flyball, 7)
Runner from 3rd tags up, SCORES, throw made
Batting: SHB Jorge Velázquez 0-0: Ball
1-0: Called Strike
1-1: Called Strike
1-2: Ball
2-2: Ball
3-2: Foul Ball, location: 2F
3-2: Strikes out looking
Bottom of the 8th over - 2 run(s), 2 hit(s), 1 error(s), 2 left on base; Detroit 1 - Boston 5
TOP OF THE 9TH
Detroit Renaissance batting - Pitching for Boston Patriots : LHP José Sánchez
Pitching: RHP Folkert van Huizen
Batting: LHB Gustavo Cortéz 0-0: SOLO HOME RUN (Flyball, 89XD), Distance : 425 ft
Batting: LHB Yoichibei Sato 0-0: DOUBLE (Line Drive, 89S)
Batting: RHB Ed Whitaker 0-0: Ball
1-0: Ball
2-0: Foul Ball, location: 2F
2-1: Ball
3-1: Swinging Strike
3-2: Ground out 5-3 (Groundball, 5)
Batting: LHB Greg Robinson 0-0: Foul Ball, location: 2F
0-1: Ball
1-1: Ball
2-1: Ball
3-1: DOUBLE (Line Drive, 8RXD)
Yoichibei Sato scores
Pitching: RHP Kirby Brown
Batting: SHB Valentín Guzmán 0-0: Reached on error, E4 (Groundball, 4)
Greg Robinson scores
Batting: RHB Kyle Bywaters 0-0: Called Strike
0-1: Ball
1-1: Ball
2-1: Ball
3-1: SINGLE (Line Drive, 7S)
Valentín Guzmán to third
Runner from 3rd tries for Home, throw and OUT!
Kyle Bywaters to second
Batting: LHB Eric Thackston 0-0: Ball
1-0: Called Strike
1-1: Swinging Strike
1-2: Strikes out swinging
Top of the 9th over - 3 run(s), 4 hit(s), 1 error(s), 1 left on base; Detroit 4 - Boston 5
Saturday, May 26th, 2018 - OOTP Baseball 17.12 Build 75